 Dungeon Crawl Stone Soup version 0.30-a0-651-g0755cc6dcf (webtiles) character file.

Game seed: 1359342101406551677

375 M4edhros the Charlatan (level 6, -6/42 HPs)
             Began as an Octopode Artificer on Jan 18, 2023.
             Killed from afar by an orc (19 damage)
             ... with a bolt of dispelling energy
             ... on level 4 of the Dungeon.
             The game lasted 00:03:53 (1091 turns).

M4edhros the Charlatan (Octopode Artificer)         Turns: 1091, Time: 00:03:54

Health: -6/42      AC:  1    Str: 18    XL:     6   Next: 73%
Magic:  6/6        EV: 14    Int: 13    God:
Gold:   74         SH:  0    Dex: 14    Spells: 5/5 levels left

rFire   . . .      SeeInvis .    (no weapon)
rCold   . . .      Faith    .    (no shield)
rNeg    . . .      Spirit   .    (helmet restricted)
rPois   .          Reflect  .    (no amulet)
rElec   .          Harm     .    k - +6 ring of strength
rCorr   .          Rampage  .    (no ring)
Will    .....                    (no ring)
Stlth   ++++                     (no ring)
HPRegen 0.27/turn                (no ring)
MPRegen 0.10/turn                (no ring)
                                 (no ring)
                                 (no ring)

@: no status effects
A: almost no armour, amphibious, 8 rings, camouflage 1, gelatinous body 1,
(nimble swimmer 1), tentacles
a: no special abilities


You were on level 4 of the Dungeon.
You visited 1 branch of the dungeon, and saw 5 of its levels.

You collected 74 gold pieces.

Inventory:

Magical Staves
 a - a staff of fire
Jewellery
 k - a +6 ring of strength (left tentacle)
Wands
 b - a wand of flame (3) (quivered)
 c - a wand of charming (10)
 d - a wand of iceblast (4)
Scrolls
 h - a scroll of amnesia {unknown}
 i - a scroll of teleportation {unknown}
 j - a scroll of enchant weapon {unknown}
 l - a scroll of silence {unknown}
Potions
 e - a potion of curing {unknown}
 f - a potion of invisibility {unknown}
 g - a potion of degeneration {unknown}


   Skills:
 + Level 3.3 Fighting
 + Level 4.0 Dodging
 + Level 4.8 Stealth
 + Level 4.9 Evocations


You had 5 spell levels left.
You didn't know any spells.
Your spell library was empty.

Dungeon Overview and Level Annotations

Branches:
Dungeon (5/15)
 Temple: D:4-7

Altars:

Shops:
D:2 :

Annotations:
D:2 Sigmund
D:4 Eustachio, Robin


Innate Abilities, Weirdness & Mutations

You cannot wear most types of armour.
You are amphibious.
You can wear up to eight rings at the same time.
Your skin changes colour to match your surroundings (Stealth+).
Your rubbery body absorbs attacks. (AC +1, EV +1)
((You are camouflaged when in or above water. (Stealth+)))
You have tentacles for arms and can constrict up to eight enemies at once.


Message History

The iceblast engulfs the goblin!!
You kill the goblin!
The iceblast engulfs Eustachio!!
Eustachio is heavily wounded.
The iceblast engulfs the goblin!!
You kill the goblin!
You hear a shout! x2
You tentacle-slap Eustachio but do no damage.
You grab Eustachio.
You tentacle-slap Eustachio, but do no damage.
You squeeze Eustachio, but do no damage.
Eustachio is heavily wounded.
You constrict Eustachio, but do no damage.
Eustachio hits you with a +0 rapier!
Aiming: Throw Flame
Press: ? - help, Shift-Dir - straight line The puff of flame misses the river rat.
You constrict Eustachio. Eustachio closely misses you.
An orc comes into view. It is wielding a +0 mace.
An orc comes into view.
It is wielding a +0 short sword and carrying a wand of quicksilver (4).
Aiming: Throw Flame
Press: ? - help, Shift-Dir - straight line
Okay, then.
Okay, then.
Aiming: Iceblast
Press: ? - help, Shift-Dir - straight line
Okay, then.
Aiming: Throw Flame
Press: ? - help, Shift-Dir - straight line The puff of flame hits Eustachio.
Eustachio is heavily wounded.
You constrict Eustachio. The river rat bites you.
The orc hits you with a +0 dagger.
Eustachio mumbles some strange words.
An orc comes into view. It is wielding a +0 club.
The orc zaps a wand.
The bolt of dispelling energy hits the orc!
The orc dies!
The bolt of dispelling energy hits you!!
You die...

>......##.. ##...............#..
........... ###..o.o.........##.#
.....#.....##...o................
.....#........................#..
........##......................#
......# ##...................###
......#####P...................#
......#PPPP..#..<.........#.#.##
g....##..P†.P#.)@....#....#.#.#
.....#...P††##g@r....#.......##
....####....#b.g..........[...#
...g##.######b)............[###
.......g.....................#
........§........#......>..###
...##.#........5##..####<.##
.#.##.#............## ##.#
########..........## ###


You could see Eustachio, Robin, a crimson imp (summoned), a river rat
(summoned), 3 orcs, a hobgoblin and 2 bats.

Vanquished Creatures
  Menkaure (D:4)
  An iguana (D:4)
  2 orc wizards
  A gnoll (D:4)
  2 adders
  An ufetubus (D:3)
  A dart slug (D:3)
  5 orcs
  3 endoplasms (D:2)
  A giant cockroach (D:3)
  4 goblins (D:4)
  7 hobgoblins
  3 jackals (D:3)
  A ball python (D:1)
  A bat (D:2)
  7 frilled lizards
41 creatures vanquished.

Vanquished Creatures (collateral kills)
  A black bear (D:4)
  A worm (D:4)
  An endoplasm (D:4)
  A goblin (D:4)
  A hobgoblin (D:4)
5 creatures vanquished.

Vanquished Creatures (others)
  2 orcs
  A plant (D:4)
3 creatures vanquished.

Grand Total: 49 creatures vanquished

Notes
Turn   | Place    | Note
-------+----------+-------------------------------------------
     0 | D:1      | M4edhros the Octopode Artificer began the quest for the
                  | Orb.
     0 | D:1      | Reached XP level 1. HP: 13/13 MP: 1/1
   129 | D:2      | Reached XP level 2. HP: 18/18 MP: 2/2
   129 | D:2      | Noticed Sigmund
   158 | D:2      | Found Ixoxzeut's Book Shop.
   273 | D:3      | Reached XP level 3. HP: 14/23 MP: 3/3
   393 | D:3      | Reached XP level 4. HP: 21/29 MP: 4/4
   483 | D:4      | Noticed a black bear
   505 | D:4      | Killed a black bear
   506 | D:4      | Reached XP level 5. HP: 26/35 MP: 5/5
   804 | D:4      | Reached XP level 6. HP: 41/41 MP: 6/6
   828 | D:5      | Entered Level 5 of the Dungeon
   853 | D:4      | Identified the +1 ring mail of the Dwarven Hall {rElec
                  | rPois rC+ rCorr}
   921 | D:4      | Noticed Menkaure
   924 | D:4      | Noticed Eustachio
   927 | D:4      | Killed Menkaure
   938 | D:4      | Noticed Robin
  1091 | D:4      | Killed from afar by an orc

Illustrated notes

Levels and vault maps discovered:
D:1:      lightli_arrival_isolated_outpost, layout_basic,
          shapermc_ecumenical_altar_mp_highgroup, minmay_misc_feat_room
D:2:      layout_basic, serial_shops, nicolae_shop_trees, uniq_sigmund
D:3:      layout_loops_ring
D:4:      layout_cave_pools, kennysheep_little_box,
          minmay_temple_entry_nine_rooms, minmay_lizard_king, uniq_edmund,
          uniq_menkaure, uniq_robin, uniq_eustachio
D:5:      layout_loops_ring, nicolae_ashenzari_skybound, gammafunk_ghost_hive

Skill      XL: |  1  2  3  4  5  6 |
---------------+-------------------+-----
Stealth        | 2 4 |  4.8
Dodging        | 3 4 |  4.0
Fighting       | 2 3 |  3.3
Evocations     | 4 |  4.9

Action                   |  1- 3 |  4- 6 || total
-------------------------+-------+-------++-------
Melee: Unarmed           |    47 |    71 ||   118
       Constrict         |     9 |    22 ||    31
       Tentacles         |    13 |    18 ||    31
       Punch             |       |     1 ||     1
Evoke: Wand              |     6 |    12 ||    18
 Stab: Sleeping          |     2 |     2 ||     4
Armor: Skin              |     4 |     8 ||    12
Dodge: Dodged            |    31 |    76 ||   107

Table legend: (Time is in decaauts)
 A = Elapsed time spent in this place.
 B = Non-inter-level travel time spent in this place.
 C = Inter-level travel time spent in this place.
 D = Time resting spent in this place.
 E = Time spent auto-exploring this place.
 F = Levels seen in this place.
 G = Mean time per level.
                   A        B        C        D        E       F      G
               +--------+--------+--------+--------+--------+-----+--------+
         Total |   1092 |   1071 |     21 |    240 |    278 |   5 |  218.4 |
       Dungeon |   1092 |   1071 |     21 |    240 |    278 |   5 |  218.4 |
               +--------+--------+--------+--------+--------+-----+--------+

Top non-repeatable levels by time:
     D:3: 461 daAuts
     D:4: 415 daAuts
     D:2: 176 daAuts
     D:1: 37 daAuts
     D:5: 1 daAuts
